 Dungeon Crawl Stone Soup version 0.27.0-1-g7a089689b8 (webtiles) character file.

Game seed: 15847333451396393582

51291 Armakuni the Covert (level 14, 0/98 HPs)
             Began as a Vampire Hedge Wizard on Aug 12, 2021.
             Was the Champion of Makhleb.
             Slain by a fire dragon (10 damage)
             ... on level 11 of the Dungeon on Aug 13, 2021.
             The game lasted 01:14:10 (18249 turns).

Armakuni the Covert (Vampire Hedge Wizard)         Turns: 18249, Time: 01:14:11

Health: 0/98       AC:  8    Str: 13    XL:     14   Next: 22%
Magic:  14/23      EV: 14    Int: 17    God:    Makhleb [******]
Gold:   1550       SH:  6    Dex: 20    Spells: 5/26 levels left

rFire    . . .     SeeInvis +   a - +11 quick blade (flame)
rCold    . . .     Faith    .   s - +0 buckler
rNeg     + . .     Spirit   .   B - +0 troll leather armour
rPois    +         Reflect  .   f - +1 hat "Ihygeoz" {Contam rElec rN+}
rElec    +         Harm     .   g - +0 cloak
rCorr    .         Rampage  .   (no gloves)
Will     +....                  C - +0 pair of boots
Stlth    +++++.....             R - amulet of regeneration
HPRegen  2.46/turn              D - +6 ring of dexterity
MPRegen  0.18/turn              P - ring of poison resistance

@: freezing walls, healing quickly
A: alive, fangs 3, see invisible, vampiric 2
a: Exsanguinate, Renounce Religion, Minor Destruction, Lesser Servant of
Makhleb, Major Destruction, Greater Servant of Makhleb


You were on level 11 of the Dungeon.
You worshipped Makhleb.
Makhleb was exalted by your worship.
You visited 3 branches of the dungeon, and saw 18 of its levels.

You collected 1550 gold pieces.

Inventory:

Hand Weapons
 a - a +11 quick blade of flaming (weapon)
Armour
 f - the +1 hat "Ihygeoz" (worn) {Contam rElec rN+}
   (You found it on level 3 of the Lair of Beasts)

   rElec:     It insulates you from electricity.
   rN:        It protects you from negative energy.
   Contam:    It causes magical contamination when unequipped.
 g - a +0 cloak (worn)
 s - a +0 buckler (worn)
 B - a +0 troll leather armour (worn)
 C - a +0 pair of boots (worn)
Magical Staves
 b - a staff of cold
Jewellery
 D - a +6 ring of dexterity (left hand)
 F - a ring of protection from fire
 J - a ring of protection from cold
 P - a ring of poison resistance (right hand)
 R - an amulet of regeneration (around neck)
Wands
 e - a wand of mindburst (16)
 u - a wand of polymorph (9)
 y - a wand of digging (3)
 E - a wand of charming (13)
Scrolls
 c - a scroll of blinking
 d - 6 scrolls of teleportation
 h - a scroll of holy word
 k - 4 scrolls of noise
 o - 2 scrolls of enchant weapon
 r - 2 scrolls of identify
 w - 2 scrolls of amnesia
 z - a scroll of fear
 G - a scroll of immolation
Potions
 i - 2 potions of flight
 m - 2 potions of attraction
 n - 6 potions of brilliance
 p - 7 potions of ambrosia
 t - a potion of haste
 x - 2 potions of curing
 A - 2 potions of mutation
 H - a potion of magic
 I - a potion of lignification


   Skills:
 - Level 5.0 Fighting
 - Level 10.0(11.3) Short Blades
 - Level 8.1(10.0) Long Blades
 - Level 5.0 Armour
 - Level 5.0 Dodging
 - Level 12.3 Stealth
 - Level 4.0 Shields
 + Level 6.5 Spellcasting
 - Level 0.6 Conjurations
 - Level 10.0 Hexes
 - Level 1.0 Summonings
 - Level 0.7 Translocations
 - Level 6.5 Transmutations
 + Level 11.9 Ice Magic
 - Level 7.0 Invocations


You had 5 spell levels left.
You knew the following spells:

 Your Spells              Type           Power      Damage    Failure   Level
b - Blink                 Tloc           N/A        N/A       17%         2
c - Confusing Touch       Hex            39%        N/A       1%          3
e - Ensorcelled Hibernat  Hex/Ice        84%        N/A       1%          2
o - Ozocubu's Armour      Ice            46%        N/A       1%          3
r - Frozen Ramparts       Ice            92%        1d11      1%          3
s - Slow                  Hex            39%        N/A       1%          2
t - Tukima's Dance        Hex            39%        N/A       1%          3
w - Wereblood             Tmut           27%        N/A       1%          2
z - Corona                Hex            43%        N/A       1%          1

Your spell library contained the following spells:

 Spells                   Type           Power      Damage    Failure   Level
 Beastly Appendage        Tmut           54%        N/A       1%          1
 Freeze                   Ice            100%       1d11      1%          1
 Portal Projectile        Hex/Tloc       46%        N/A       4%          3
 Magic Dart               Conj           28%        1d4       12%         1
 Spider Form              Tmut/Pois      8%         N/A       12%         3
 Hailstorm                Conj/Ice       26%        3d7       12%         4
 Call Imp                 Summ           8%         N/A       16%         2
 Leda's Liquefaction      Hex/Erth       11%        N/A       19%         4
 Call Canine Familiar     Summ           8%         N/A       30%         3
 Conjure Flame            Conj/Fire      6%         6-21      36%         3
 Mephitic Cloud           Conj/Pois/Air  6%         N/A       38%         3
 Vampiric Draining        Necr           2%         2d6       41%         3
 Freezing Cloud           Conj/Ice/Air   9%         6-21      58%         5
 Alistair's Intoxication  Tmut/Pois      10%        N/A       73%         5
 Summon Lightning Spire   Summ/Air       7%         N/A       77%         4
 Airstrike                Air            2%         N/A       83%         4
 Lightning Bolt           Conj/Air       3%         1d14      98%         5
 Borgnjor's Vile Clutch   Necr/Erth      2%         N/A       99%         5
 Ozocubu's Refrigeration  Ice            23%        4d9       67%         7
 Simulacrum               Ice/Necr       12%        N/A       89%         6
 Eringya's Noxious Bog    Tmut/Pois      8%         N/A       99%         6
 Polar Vortex             Ice            23%        N/A       100%        9


Dungeon Overview and Level Annotations

Branches:
Dungeon (11/15)            Temple (1/1) D:5            Lair (6/6) D:10
  Swamp (0/4) Lair:4        Snake (0/4) Lair:2        Slime (0/5) Lair:5
    Orc: D:9-12

Altars:
Ashenzari
Cheibriados
Dithmenos
Elyvilon
Fedhas
Gozag
Hepliaklqana
Kikubaaqudgha
Makhleb
Nemelex Xobeh
Okawaru
Qazlal
Ru
Sif Muna
Trog
Uskayaw
Vehumet
Wu Jian
Xom
Yredelemnul
Zin
The Shining One

Shops:
D:6 *   D:10 (

Portals:
Hell: Lair:6

Annotations:
D:4 2 transporters, mavignon's ghost, amateur FeCj
Lair:1 1 transporter


Innate Abilities, Weirdness & Mutations

Your natural rate of healing is accelerated.
You have razor-sharp teeth.
You have supernaturally acute eyesight. (SInv)
You are afflicted with vampirism and can become a bat while bloodless.


Message History

Casting: Slow (safe; 1% risk of failure)
Confirm with . or Enter, or press ? or * to list all spells.
Casting: Frozen Ramparts (safe; 1% risk of failure)
Press: ? - help, Dir - look around, f - activate The walls around you are covered in ice.
The fire dragon is frozen!
The wall freezes the fire dragon!!
The fire dragon bites you! The fire dragon claws you!
The fire dragon misses you.
You closely miss the fire dragon.
The fire dragon is heavily wounded.
You barely miss the fire dragon.
The fire dragon is heavily wounded.
You hit the fire dragon but do no damage.
You bite the fire dragon, but do no damage.
The fire dragon is heavily wounded.
You closely miss the fire dragon.
You bite the fire dragon, but do no damage.
The fire dragon is heavily wounded.
You hit the fire dragon.
The fire dragon is heavily wounded.
The fire dragon is frozen!
The wall freezes the fire dragon!
The fire dragon bites you! The fire dragon claws you.
The fire dragon tramples you.
You hold your ground!
You hit the fire dragon but do no damage.
The fire dragon is heavily wounded.
You hit the fire dragon.
The fire dragon is severely wounded.
Casting: Frozen Ramparts (safe; 1% risk of failure)
Confirm with . or Enter, or press ? or * to list all spells.
A film of ice covers your body!
The fire dragon is frozen!
The wall freezes the fire dragon!
The fire dragon breathes flames at you. The blast of flame hits you!!!
Your icy armour melts away.
* * * LOW HITPOINT WARNING * * *
You hit the fire dragon but do no damage.
The fire dragon is severely wounded.
You feel better.
The fire dragon is frozen!
The wall freezes the fire dragon.
The fire dragon bites you!
You die...

##...##.##.#.## ......
..#...#.##.#.## ..C...
#.#...........### .?....
#.#.###.........# ##.# ##....
....# #####...#.# #... .....#
#<#.########.##### #..####...
#.#........#####)####
#..##....
#...########.##(#D##.##..##.#
# ###.#
#(##.#@#.##?#..##.##### #.#
##..##†##D.##.......... #.#
#.##.#.#.##.#..C<.##### #.#
#..##[#?##[.#.##### #.#
###.#####.###.# #.#
#.............# #.#
###.#############
###.#####...# ..........###


You could see a fire dragon (slow, catching breath).

Vanquished Creatures
  7 hydras
  2 boulder beetles
  A hell beast (Lair:6)
  A catoblepas (Lair:2)
  Erica (Lair:1)
  A two-headed ogre (D:10)
  2 bog bodies (Lair:4)
  Pikel (D:4)
  The ghost of bidolon the Thaumaturge, a novice DECj of Sif Muna (D:7)
  A wizard (Lair:6)
  A phantasmal warrior (D:11)
  3 oklob plants (Lair:5)
  A manticore (D:11)
  5 black mambas
  2 torpor snails
  7 elephants
  Maggie (D:6)
  14 cane toads
  2 orange demons (Lair:6)
  4 rime drakes (Lair:6)
  2 ice devils (Lair:6)
  9 komodo dragons
  The ghost of Armakuni the Magician, a novice DEBr of Vehumet (D:5)
  A hellwing (Lair:6)
  A yaktaur (D:11)
  A queen bee (Lair:3)
  A troll (D:10)
  2 polar bears
  2 red devils (Lair:6)
  11 blink frogs
  Prince Ribbit (D:6)
  A slime creature (D:7)
  Grinder (D:4)
  3 hornets (D:8)
  Sigmund (D:3)
  A vampire (D:11)
  2 wyverns (Lair:6)
  36 yaks
  3 wraiths (D:11)
  3 hogs (Lair:4)
  A basilisk (Lair:6)
  Edmund (D:3)
  2 steam dragons
  Menkaure (D:6)
  An acid dragon (D:10)
  3 wargs (D:10)
  3 swamp worms (Lair:4)
  2 nagas (Lair:2)
  14 water moccasins
  3 hell hounds (Lair:6)
  3 orc warriors
  A sky beast (shapeshifter) (D:11)
  5 ice beasts
  2 black bears
  An ogre (D:4)
  5 centaurs
  12 wolves
  3 lemures
  A phantom (D:7)
  4 kobold brigands
  13 bullfrogs
  5 scorpions
  24 killer bees (Lair:3)
  9 wights
  5 electric eels
  A howler monkey (D:7)
  3 bullfrog zombies
  6 centaur zombies
  12 orc priests
  15 jellies
  Crazy Yiuf (D:3)
  A bullfrog skeleton (D:5)
  7 hounds
  2 centaur skeletons
  4 iguanas
  Ijyb (D:3)
  9 orc wizards
  Natasha (thrice) (D:4)
  2 hound zombies (D:5)
  A hound skeleton (D:5)
  A howler monkey zombie (D:5)
  A howler monkey skeleton (D:7)
  7 adders
  5 gnolls
  2 white imps
  An adder skeleton (D:4)
  6 worms
  3 dart slugs
  19 orcs
  6 ball pythons
  6 endoplasms
  4 giant cockroaches
  6 goblins
  7 hobgoblins
  3 jackals (D:3)
  5 quokkas
  7 bats
  A frilled lizard (D:1)
  21 kobolds
  4 rats
448 creatures vanquished.

Vanquished Creatures (collateral kills)
  A cane toad (Lair:2)
  A naga (Lair:2)
2 creatures vanquished.

Vanquished Creatures (others)
  Kirke (Lair:4)
  A cane toad (Lair:4)
  A human (Lair:4)
  3 orcs (D:8)
  A briar patch (Lair:1)
  18 fungi
  27 plants
52 creatures vanquished.

Grand Total: 502 creatures vanquished

Notes
Turn   | Place    | Note
-------+----------+-------------------------------------------
     0 | D:1      | Armakuni the Vampire Hedge Wizard began the quest for the
                  | Orb.
     0 | D:1      | Reached XP level 1. HP: 13/13 MP: 4/4
   226 | D:1      | Reached skill level 1 in Short Blades
   361 | D:1      | Reached skill level 1 in Fighting
   361 | D:1      | Reached XP level 2. HP: 16/21 MP: 1/6
   412 | D:1      | Learned a level 2 spell: Slow
   444 | D:1      | Learned a level 2 spell: Ensorcelled Hibernation
   978 | D:2      | Reached skill level 1 in Hexes
   978 | D:2      | Gained mutation: You are afflicted with vampirism and can
                  | become a bat while bloodless. [Vampire growth]
   978 | D:2      | Reached XP level 3. HP: 26/26 MP: 2/7
   982 | D:2      | Learned a level 3 spell: Confusing Touch
  1625 | D:2      | Reached XP level 4. HP: 21/32 MP: 5/9
  1873 | D:3      | Found an opulent altar of Gozag.
  1873 | D:3      | Noticed Ijyb
  1999 | D:3      | Killed Ijyb
  2000 | D:3      | Reached XP level 5. HP: 26/37 MP: 3/11
  2004 | D:3      | Learned a level 1 spell: Corona
  2046 | D:3      | Learned a level 3 spell: Tukima's Dance
  2074 | D:3      | Reached skill level 4 in Stealth
  2305 | D:3      | Noticed Sigmund
  2321 | D:3      | Killed Sigmund
  2322 | D:3      | Reached skill level 5 in Stealth
  2322 | D:3      | Reached skill level 5 in Hexes
  2322 | D:3      | Reached XP level 6. HP: 43/43 MP: 5/12
  2411 | D:3      | Found a runed translucent door.
  2412 | D:3      | Noticed Crazy Yiuf
  2427 | D:3      | Killed Crazy Yiuf
  2428 | D:3      | Reached skill level 6 in Stealth
  2591 | D:4      | Noticed Pikel
  2760 | D:4      | Noticed Grinder
  2761 | D:4      | Paralysed by Grinder for 3 turns
  2801 | D:4      | Noticed Natasha
  2808 | D:4      | Killed Natasha
  2834 | D:4      | Noticed Edmund
  2870 | D:3      | Killed Edmund
  2871 | D:3      | Reached XP level 7. HP: 28/48 MP: 9/13
  3094 | D:4      | Killed Grinder
  3121 | D:4      | Killed Pikel
  3122 | D:4      | Reached skill level 10 in Hexes
  3122 | D:4      | Reached skill level 1 in Armour
  3122 | D:4      | Reached XP level 8. HP: 51/57 MP: 9/14
  3145 | D:4      | Noticed Natasha
  3301 | D:4      | Found a transporter.
  3310 | D:4      | Found a transporter.
  3310 | D:4      | Noticed mavignon's ghost (amateur FeCj)
  3410 | D:4      | Identified the +7 whip "Leredwyha" {speed, rC- Dex+5}
  3647 | D:4      | Killed Natasha
  3688 | D:4      | Noticed Natasha
  3695 | D:4      | Killed Natasha
  3773 | D:5      | Entered Level 5 of the Dungeon
  3846 | D:5      | Noticed an air elemental
  3848 | D:5      | Found a stormy altar of Qazlal.
  3888 | D:5      | Found a staircase to the Ecumenical Temple.
  3907 | Temple   | Entered the Ecumenical Temple
  3981 | Temple   | Became a worshipper of Makhleb the Destroyer
  4097 | D:5      | Learned a level 2 spell: Blink
  4336 | D:5      | Reached skill level 7 in Stealth
  4540 | D:5      | Found a runed translucent gate.
  4540 | D:5      | Found a runed translucent gate.
  4540 | D:5      | Found a runed translucent gate.
  4540 | D:5      | Noticed Armakuni's ghost (novice DEBr)
  4542 | D:5      | Found a basalt altar of Yredelemnul.
  4584 | D:5      | Killed Armakuni's ghost
  4585 | D:5      | Reached XP level 9. HP: 9/64 MP: 10/15
  5038 | D:6      | Found Niafu's General Store.
  5072 | D:6      | Reached * piety under Makhleb
  5154 | D:6      | Noticed Menkaure
  5166 | D:6      | Killed Menkaure
  5167 | D:6      | Reached skill level 5 in Dodging
  5167 | D:6      | Reached skill level 8 in Stealth
  5350 | D:6      | Noticed Maggie
  5360 | D:6      | Killed Maggie
  5361 | D:6      | Reached skill level 5 in Short Blades
  5456 | D:6      | Noticed Prince Ribbit
  5559 | D:6      | Reached skill level 9 in Stealth
  5639 | D:6      | Killed Prince Ribbit
  5640 | D:6      | Reached skill level 5 in Fighting
  6394 | D:7      | Found a hide-covered altar of Uskayaw.
  6405 | D:7      | Reached skill level 10 in Stealth
  6452 | D:7      | Identified the +3 ring mail "Lethrukh" {rPois rF+ Will-
                  | Dex+3}
  6550 | D:7      | Reached XP level 10. HP: 74/74 MP: 16/16
  6558 | D:7      | Found a shimmering blue altar of Sif Muna.
  6784 | D:7      | Reached skill level 5 in Armour
  6966 | D:7      | Found an iron altar of Okawaru.
  7010 | D:7      | Reached skill level 1 in Shields
  7542 | D:8      | Reached ** piety under Makhleb
  7589 | D:8      | Found a snail-covered altar of Cheibriados.
  7823 | D:8      | Found a shadowy altar of Dithmenos.
  7832 | D:8      | Found a runed translucent gate.
  7833 | D:8      | Found a runed translucent gate.
  7834 | D:8      | Found an opulent altar of Gozag.
  7834 | D:8      | Found a runed translucent gate.
  7862 | D:8      | Noticed bidolon's ghost (novice DECj)
  8318 | D:7      | Killed bidolon's ghost
  8634 | D:9      | Found a bloodstained altar of Trog.
  8638 | D:9      | Found a hazy altar of Hepliaklqana.
  8827 | D:9      | Reached *** piety under Makhleb
  9171 | D:9      | Found a blossoming altar of Fedhas.
  9381 | D:10     | Entered Level 10 of the Dungeon
  9381 | D:10     | Noticed a two-headed ogre
  9384 | D:10     | Killed a two-headed ogre
  9385 | D:10     | Reached skill level 10 in Short Blades
  9385 | D:10     | Reached skill level 1 in Invocations
  9385 | D:10     | Reached XP level 11. HP: 79/79 MP: 17/17
  9542 | D:10     | Found a staircase to the Lair.
  9732 | D:10     | Found Pucwaq's Weapon Shop.
 10192 | Lair:1   | Entered Level 1 of the Lair of Beasts
 10228 | Lair:1   | Noticed a six-headed hydra
 10289 | Lair:1   | Killed a six-headed hydra
 10308 | Lair:1   | Reached skill level 5 in Invocations
 10398 | Lair:1   | Noticed Erica
 10420 | Lair:1   | Killed Erica
 10459 | Lair:1   | Reached **** piety under Makhleb
 10460 | Lair:1   | Reached skill level 1 in Long Blades
 10474 | Lair:1   | Reached skill level 11 in Stealth
 10521 | Lair:1   | Found a transporter.
 10600 | Lair:1   | Found a transporter.
 10620 | Lair:1   | Noticed an eight-headed hydra
 10693 | Lair:1   | Killed an eight-headed hydra
 10749 | Lair:1   | Reached skill level 12 in Stealth
 10965 | Lair:1   | Reached XP level 12. HP: 86/86 MP: 9/18
 11516 | Lair:2   | Identified the +5 hunting sling of Exquisite Death {vorpal,
                  | Contam Will+ Dex+2}
 11535 | Lair:2   | Learned a level 2 spell: Wereblood
 11538 | Lair:2   | Noticed a catoblepas
 11667 | Lair:1   | Reached skill level 1 in Transmutations
 11784 | Lair:1   | Reached skill level 5 in Long Blades
 11969 | Lair:2   | Killed a catoblepas
 12089 | Lair:2   | Found a staircase to the Snake Pit.
 12345 | Lair:2   | Reached skill level 5 in Transmutations
 12795 | Lair:2   | Identified 2 scrolls of acquirement
 12796 | Lair:2   | Acquired a +11 quick blade
 12799 | Lair:2   | Acquired 413 gold pieces
 13099 | Lair:3   | Identified the +1 hat "Ihygeoz" {Contam rElec rN+}
 13481 | Lair:3   | Reached skill level 1 in Ice Magic
 13515 | Lair:3   | Reached ***** piety under Makhleb
 13711 | Lair:4   | Noticed a seven-headed hydra
 13860 | Lair:4   | Killed a seven-headed hydra
 14046 | Lair:4   | Noticed a boulder beetle
 14052 | Lair:4   | Killed a boulder beetle
 14053 | Lair:4   | Reached skill level 5 in Ice Magic
 14053 | Lair:4   | Reached XP level 13. HP: 91/91 MP: 12/19
 14057 | Lair:4   | Learned a level 3 spell: Frozen Ramparts
 14363 | Lair:4   | Noticed Kirke
 14386 | Lair:4   | Killed Kirke
 14674 | Lair:4   | Found a staircase to the Swamp.
 14767 | Lair:5   | Found a staircase to the Slime Pits.
 15758 | Lair:6   | Entered Level 6 of the Lair of Beasts
 15978 | Lair:6   | Reached skill level 10 in Ice Magic
 16314 | Lair:6   | Found an ornate altar of the Wu Jian Council.
 16314 | Lair:6   | Found a hide-covered altar of Uskayaw.
 16330 | Lair:6   | Learned a level 3 spell: Ozocubu's Armour
 16330 | Lair:6   | Acquired a book of Ice
 16500 | Lair:6   | Reached skill level 5 in Spellcasting
 16773 | Lair:6   | Reached XP level 14. HP: 84/98 MP: 22/22
 16863 | Lair:6   | Found a burning altar of Makhleb.
 17265 | Lair:6   | Found a gateway to Hell.
 17272 | Lair:6   | Identified the +10 fustibalus of Gehenna {freeze, Str+3}
 18115 | D:11     | Reached ****** piety under Makhleb
 18247 | D:11     | HP: 1/98 [fire dragon/blast of flame (44)]
 18249 | D:11     | Slain by a fire dragon

Illustrated notes

Levels and vault maps discovered:
D:1:      grunt_arrival_crossed_arrows, layout_rooms
D:2:      layout_loops_ring
D:3:      layout_rooms, old_standard_altar, nicolae_gozag_seed_capital,
          uniq_ijyb, uniq_crazy_yiuf_cottage, uniq_sigmund
D:4:      layout_rooms, portal_sewer_entry_d, gammafunk_ghost_mausoleum,
          wad_rectangle_vault, uniq_pikel, uniq_grinder, uniq_edmund,
          uniq_natasha
D:5:      layout_loops_ring, nicolae_yredelemnul_ghost_church,
          nicolae_qazlal_style_of_elements, minmay_temple_entry_stoned_glass
D:6:      layout_gridville, serial_shops, nicolae_inconvenience_store,
          uniq_menkaure, uniq_prince_ribbit1, uniq_maggie
D:7:      layout_basic, mainiacjoe_overflow_paths, okawaru_altar_gauntlet_db,
          mainiacjoe_overflow_small_starburst, st_stairs_9
D:8:      layout_basic, mainiacjoe_overflow_cross_hatched,
          general_overflow_altar, mainiacjoe_overflow_six_doors_small,
          ebering_ghost_gozag, grunt_ministairs_13
D:9:      layout_irregular_city, lemuel_doored_altar,
          grunt_temple_overflow_open, minmay_unpleasant_kobolds
D:10:     layout_small_grid, erik_lair_orcish_takeover, serial_shops, shop
D:11:     minmay_glassy_protrusions, layout_loops_ring, gauntlet_entry_generic,
          hangedman_fish_farm, uniq_josephine
Temple:   compressed_dpeg_triangle_lava_temple
Lair:1:   gammafunk_worm_tunnel, layout_regular_city, st_stairs_13,
          serial_bayou_crossing, grunt_megastairs_5, uniq_erica
Lair:2:   layout_gridlike, guppyfry_snake_entry_garden
Lair:3:   layout_long_grid, special_room [special_room_bee]
Lair:4:   layout_big_grid, nicolae_swamp_entry_splash_gauntlet, st_stairs_3,
          minivault_23, nzn_sisyphean_effort, uniq_kirke
Lair:5:   layout_long_grid, minmay_slime_entry_jelly_boxes,
          minmay_lair_oklob_chamber, infiniplex_staircase_pool
Lair:6:   evil_forest, layout_cave_pods, nzn_masters_of_martial_movement

Skill      XL: |  1  2  3  4  5  6  7  8  9 10 11 12 13 14 |
---------------+-------------------------------------------+-----
Short Blades   | 1 2 4 5 10 | 10.0
Fighting       | 1 2 3 5 |  5.0
Hexes          | 1 2 3 5 8 10 | 10.0
Spellcasting   | 4 5 6 |  6.5
Stealth        | 5 6 7 10 12 | 12.3
Armour         | 1 2 4 5 |  5.0
Dodging        | 3 4 5 |  5.0
Shields        | 4 |  4.0
Invocations    | 1 7 |  7.0
Long Blades    | 4 8 |  8.1
Transmutations | 6 |  6.5
Ice Magic      | 5 11 | 11.9
Conjurations   | |  0.6
Summonings     | |  1.0
Translocations | |  0.7

Action                   |  1- 3 |  4- 6 |  7- 9 | 10-12 | 13-15 || total
-------------------------+-------+-------+-------+-------+-------++-------
Melee: Dagger            |   102 |    98 |   212 |   540 |       ||   952
       Bite              |    10 |     6 |    30 |   116 |    82 ||   244
       Quick blade       |       |       |       |   148 |   495 ||   643
       Scimitar          |       |       |       |    33 |       ||    33
 Cast: Magic Dart        |    26 |       |       |       |       ||    26
       Ensorcelled Hiber |     8 |    17 |    42 |    96 |    25 ||   188
       Confusing Touch   |     1 |     5 |    14 |    32 |    30 ||    82
       Slow              |       |     7 |    20 |    27 |    34 ||    88
       Blink             |       |       |       |     7 |       ||     7
       Wereblood         |       |       |       |     5 |     1 ||     6
       Frozen Ramparts   |       |       |       |       |     4 ||     4
       Ozocubu's Armour  |       |       |       |       |     1 ||     1
Invok: Major Destruction |       |       |       |     8 |     5 ||    13
       Lesser Servant of |       |       |       |     4 |       ||     4
Evoke: Wand              |       |     4 |     5 |     7 |     2 ||    18
  Use: Scroll            |     3 |     4 |     5 |    20 |     4 ||    36
       Potion            |       |       |     1 |     5 |     2 ||     8
 Stab: Sleeping          |     7 |    12 |    36 |    79 |    20 ||   154
       Confused          |     1 |     5 |    15 |    32 |    36 ||    89
       Distracted        |       |       |     1 |     1 |     1 ||     3
       Invisible         |       |       |       |     3 |       ||     3
Armor: Robe              |    21 |    12 |    29 |       |       ||    62
       Steam dragon scal |       |       |     8 |    42 |       ||    50
       Troll leather arm |       |       |       |    76 |    37 ||   113
Dodge: Dodged            |    65 |    41 |   108 |   308 |   126 ||   648
Block: Buckler           |       |       |       |   117 |    47 ||   164
       Rpst.: Scimitar   |       |       |       |     4 |       ||     4
